 Dungeon Crawl Stone Soup version 0.30.1-3-gfc49f6343a (webtiles) character file.

Game seed: 12780430189621274054

104 Cheops the Ruffian (level 4, -1/44 HPs)
             Began as a Troll Fighter on July 21, 2023.
             Slain by a gnoll
             ... wielding a +0 spear
              (4 damage)
             ... on level 3 of the Dungeon.
             The game lasted 00:03:48 (1647 turns).

Cheops the Ruffian (Troll Fighter)                  Turns: 1647, Time: 00:03:49

Health: -1/44      AC:  4    Str: 24    XL:     4   Next: 52%
Magic:  3/3        EV:  8    Int:  6    God:
Gold:   168        SH:  7    Dex:  9    Spells: 3/3 levels left

rFire   . .          .
                       - Unarmed
rCold   . . .        b - +0 kite shield
rNeg    . . .        a - +0 robe
rPois   .            (helmet restricted)
rElec   .            (no cloak)
rCorr   .            (gloves unavailable)
SInv    .            (boots unavailable)
Will    .....        (no amulet)
Stlth   +            (no ring)
HPRegen 1.07/turn    (no ring)
MPRegen 0.08/turn

%: no passive effects
@: mighty
A: large, unfitting armour, claws 3, regeneration 1, shaggy fur 1, tough skin 1
a: no special abilities


You were on level 3 of the Dungeon.
You visited 1 branch of the dungeon, and saw 3 of its levels.

You collected 168 gold pieces.

Inventory:

Armour
 a - a +0 robe (worn)
 b - a +0 kite shield (worn)
Scrolls
 d - a scroll of fear {unknown}
 f - a scroll of amnesia {unknown}
 g - 3 scrolls of teleportation {unknown}
 i - a scroll of immolation {unknown}
 k - a scroll of enchant weapon {unknown}
 n - a scroll of identify {unknown}
Potions
 e - a potion of heal wounds {unknown}
 h - a potion of brilliance {unknown}
 j - a potion of haste {unknown}
 l - 2 potions of curing {unknown}
 m - a potion of ambrosia {unknown}


   Skills:
 - Level 2.4 Fighting
 - Level 2.4 Dodging
 - Level 2.6 Shields
 + Level 4.8 Unarmed Combat


You had 3 spell levels left.
You didn't know any spells.
Your spell library contained the following spells:

 Spells                   Type           Power      Damage    Failure   Level
 Sandblast                Erth           0%         2d4       73%         1
 Shock                    Conj/Air       0%         1d3       73%         1
 Passwall                 Tmut/Erth      0%         N/A       86%         2
 Stone Arrow              Conj/Erth      0%         3d7       97%         3
 Swiftness                Air            0%         N/A       97%         3
 Airstrike                Air            0%         2d(0-16)  100%        4


Dungeon Overview and Level Annotations

Branches:
Dungeon (3/15)

Altars:
Xom

Shops:
D:1 *   D:3 :


Innate Abilities, Weirdness & Mutations

You are too large for most types of armour.
You have claws for hands.
Your natural rate of healing is unusually fast.
You are covered in fur. (AC +1)
You have tough skin. (AC +1)


Message History

The gnoll is heavily wounded.
You block the gnoll's attack.
The gnoll hits you from afar with a +0 spear.
* * * LOW HITPOINT WARNING * * *
You block the gnoll's attack.
You scratch the gnoll.
The gnoll is severely wounded.
The gnoll hits you from afar with a +0 spear.
* * * LOW HITPOINT WARNING * * *
The gnoll hits you from afar with a +0 spear.
* * * LOW HITPOINT WARNING * * *
You block the gnoll's attack.
You feel very mighty all of a sudden.
You block the gnoll's attack. x2; The gnoll hits you with a +0 whip.
* * * LOW HITPOINT WARNING * * *
You barely miss the gnoll.
The gnoll is severely wounded.
The gnoll hits you from afar with a +0 spear.
* * * LOW HITPOINT WARNING * * *
The gnoll barely misses you.
The gnoll hits you from afar with a +0 spear.
* * * LOW HITPOINT WARNING * * *
You mangle the gnoll!!
You kill the gnoll!
You block the gnoll's attack. x2
The giant cockroach completely misses you.
You mangle the giant cockroach!!
You kill the giant cockroach!
You block the gnoll's attack. The gnoll hits you but does no damage.
The gnoll hits you with a +0 spear.
* * * LOW HITPOINT WARNING * * *
The gnoll hits you with a +0 spear.
* * * LOW HITPOINT WARNING * * *
There is an entrance to Hixkueky's Book Boutique here.
Things that are here:
a +0 whip; a +0 flail; a giant cockroach corpse You claw the gnoll!
You kill the gnoll!
The gnoll hits you with a +0 spear.
You die...

.#.## #......## # ..
#.#.#[## .# #####.#.#.#
.#########.....#.#.####
.##..........#........
.##..≈≈≈≈≈≈≈.....##.##
.##.≈≈≈≈≈§...#.###...##
....≈≈§.[.§8.#.##.....#
###.≈§≈≈≈≈...#..@)....#
#..≈≈≈§≈≈≈.#.##g......
#............# #......
###.........## ######
#########


You could see a gnoll.

Vanquished Creatures
  3 adders
  3 gnolls (D:3)
  2 dart slugs
  2 worms
  3 bats
  7 endoplasms
  2 giant cockroaches
  5 goblins
  4 hobgoblins
  4 jackals (D:2)
  5 ball pythons
  2 frilled lizards (D:2)
  4 kobolds
  5 rats
51 creatures vanquished.

Notes
Turn   | Place    | Note
-------+----------+-------------------------------------------
     0 | D:1      | Cheops the Troll Fighter began the quest for the Orb.
     0 | D:1      | Reached XP level 1. HP: 22/22 MP: 0/0
    34 | D:1      | Found Riruck's Assorted Antiques.
   185 | D:1      | Reached XP level 2. HP: 29/29 MP: 1/1
   353 | D:1      | Reached skill level 3 in Unarmed Combat
   915 | D:2      | Reached XP level 3. HP: 35/36 MP: 2/2
  1026 | D:2      | Reached skill level 4 in Unarmed Combat
  1517 | D:3      | Reached XP level 4. HP: 44/44 MP: 3/3
  1613 | D:3      | Found a shimmering altar of Xom.
  1632 | D:3      | Found Hixkueky's Book Boutique.
  1646 | D:3      | HP: 2/44 [gnoll/+0 spear (4)]
  1647 | D:3      | Slain by a gnoll

Illustrated notes

Levels and vault maps discovered:
D:1:      lemuel_arrival_rhombus, layout_loops_ring, serial_shops, shop,
          minmay_misc_feat_doors
D:2:      layout_loops_ring
D:3:      layout_loops_ring, mainiacjoe_overflow_catwalk,
          general_overflow_altar, serial_shops, shop

Skill      XL: |  1  2  3 |
---------------+----------+-----
Unarmed Combat | 3 4 |  4.8
Fighting       | |  2.4
Dodging        | |  2.4
Shields        | |  2.6

Action                     |  1- 3 |  4- 6 || total
---------------------------+-------+-------++-------
  Melee: Unarmed           |   107 |    19 ||   126
    Use: Potion            |       |     1 ||     1
 Armour: Robe              |    34 |     4 ||    38
  Dodge: Dodged            |    36 |     7 ||    43
  Block: Kite shield       |    41 |    13 ||    54
